 Dungeon Crawl Stone Soup version 0.21.1-1-g345015f (webtiles) character file.

2 n0claF the Caller (level 1, 0/10 HPs)
             Began as a Deep Elf Summoner on June 14, 2018.
             Slain by a kobold
             ... wielding a +0 dagger
              (1 damage)
             ... on level 1 of the Dungeon.
             The game lasted 00:01:14 (83 turns).

n0claF the Caller (Deep Elf Summoner)                 Turns: 83, Time: 00:01:14

Health: 0/10       AC:  2    Str:  5    XL:     1   Next: 25%
Magic:  1/6        EV: 13    Int: 19    God:
Gold:   0          SH:  0    Dex: 15    Spells: 5/6 levels left

rFire    . . .     SeeInvis .   (no weapon)
rCold    . . .     Gourm    .   (no shield)
rNeg     . . .     Faith    .   a - +0 robe
rPois    .         Spirit   .   (no helmet)
rElec    .         Reflect  .   (no cloak)
rCorr    .         Harm     .   (no gloves)
MR       .....                  (no boots)
Stlth    ++........             c - amulet of inaccuracy (curse)
HPRegen  0.03/turn              (no ring)
MPRegen  0.10/turn              (no ring)

@: no status effects
A: no striking features
a: no special abilities


You were on level 1 of the Dungeon.
You were not hungry.

You visited 1 branch of the dungeon, and saw 1 of its levels.

Inventory:

Armour
 a - a +0 robe (worn)
Jewellery
 c - a cursed amulet of inaccuracy (around neck)
   (You found it on level 1 of the Dungeon)
Books
 b - a book of Callings
Comestibles
 d - a chunk of flesh
 e - a ration {!d}


   Skills:
 + Level 2.4 Dodging
 + Level 2.5 Stealth
 + Level 3.0 Spellcasting
 + Level 4.4 Summonings


You had 5 spell levels left.
You knew the following spells:

 Your Spells              Type           Power        Failure   Level  Hunger
a - Summon Small Mammal   Summ           ###.         2%          1    None


Dungeon Overview and Level Annotations

Branches:
Dungeon (1/15)

Altars:


Message History

Your quokka misses the bat. Your quokka misses the kobold.
Your rat bites the bat.
The bat hits your rat.
Your quokka bites the kobold but does no damage.
The bat barely misses your quokka.
The kobold hits your quokka with a dagger.
The bat barely misses your quokka. The bat barely misses your rat.
Your quokka bites the bat.
Your quokka barely misses the kobold.
The bat hits your quokka.
The kobold hits your quokka but does no damage.
Your quokka misses the bat.
Your rat barely misses the bat.
Your quokka barely misses the kobold.
The bat hits your quokka.
Your quokka closely misses the bat.
The kobold hits your quokka with a dagger.
Your quokka dies!
Your quokka's corpse disappears in a puff of smoke!
Your quokka disappears in a puff of smoke!
The bat misses your quokka.
The bat hits your quokka but does no damage.
Your quokka closely misses the bat.
Your quokka barely misses the bat.
The bat hits your quokka but does no damage.
Your quokka bites the bat.
The bat dies!
The kobold hits you with a dagger.
Your bat disappears in a puff of smoke!
The kobold misses you.
Your rat barely misses the kobold.
Your rat closely misses the kobold.
What are your orders? t - Shout!
Orders for allies: a - Attack new target. r - Retreat! s - Stop attacking. g - Guard the area. f - Follow me.
Anything else - Cancel.
Gang up on whom?
Aim: a kobold, wielding a dagger Attack!
The kobold hits you with a dagger.
* * * LOW HITPOINT WARNING * * *
Your rat bites the kobold but does no damage.
Your rat barely misses the kobold.
You are too injured to fight recklessly!
You are too injured to fight recklessly!
You hit the kobold but do no damage. Your quokka misses the kobold.
The kobold hits you with a dagger.
* * * LOW HITPOINT WARNING * * *
Your rat closely misses the kobold.
Your quokka barely misses the kobold.
Your rat bites the kobold.
Your rat bites the kobold but does no damage.
Your rat misses the kobold. The kobold hits you with a dagger.
You die...

##...# ..#.....
#..### ##.##.....
##.## .... ..... #
#..# ##.... .....
##.####.####....##
....
......>.......#
####....###.###
#.#......#######
####....@...#......
.......Kr..[.......
...#...rr$.........
##.#.$..r..........
............####.#
#...........# #
#..........?#
.............#
##............


You could see a kobold, a friendly quokka and 3 friendly rats.

Vanquished Creatures (collateral kills)
  A bat (D:1)
  2 frilled lizards (D:1)
3 creatures vanquished.

Notes
Turn   | Place    | Note
-------+----------+-------------------------------------------
     0 | D:1      | n0claF the Deep Elf Summoner began the quest for the Orb.
     0 | D:1      | Reached XP level 1. HP: 10/10 MP: 6/6
    83 | D:1      | Slain by a kobold

Action                   || total
-------------------------++-------
Melee: Unarmed           ||     2
 Cast: Summon Small Mamm ||     8
Armor: Robe              ||     1
Dodge: Dodged            ||     8
